 Dungeon Crawl Stone Soup version 0.21.0-3-g78d12a8 (console) character file.

233 toffzen the Chiller (level 6, -20/42 HPs)
             Began as a Merfolk Ice Elementalist on Jan 10, 2018.
             Was a Believer of Makhleb.
             Demolished by an ogre
             ... wielding a +0 giant club
              (28 damage)
             ... on level 4 of the Dungeon.
             The game lasted 00:20:09 (4929 turns).

toffzen the Chiller (Merfolk Ice Elementalist)      Turns: 4929, Time: 00:20:10

Health: -20/42     AC:  3    Str: 10    XL:     6   Next: 5%
Magic:  4/9        EV: 13    Int: 15    God:    Makhleb [**....]
Gold:   169        SH:  0    Dex: 17    Spells: 1/9 levels left

rFire    . . .     SeeInvis .   d - +0 short sword
rCold    . . .     Gourm    .   (no shield)
rNeg     . . .     Faith    .   k - +0 leather armour
rPois    .         Spirit   .   (no helmet)
rElec    .         Reflect  .   (no cloak)
rCorr    .         Harm     .   (no gloves)
MR       .....                  (no boots)
Stlth    ++........             (no amulet)
HPRegen  0.14/turn              s - +3 ring of dexterity
MPRegen  0.11/turn              (no ring)

@: no status effects
A: change form in water, swift swim, stealthy swim
a: Minor Destruction, Renounce Religion


You were on level 4 of the Dungeon.
You worshipped Makhleb.
Makhleb was pleased with you.
You were not hungry.

You visited 1 branch of the dungeon, and saw 4 of its levels.

You collected 169 gold pieces.

Inventory:

Hand Weapons
 d - a +0 short sword (weapon)
Missiles
 h - 253 stones (quivered)
 v - 8 curare-tipped needles
Armour
 a - a +0 robe
 k - a +0 leather armour (worn)
Jewellery
 s - a +3 ring of dexterity (left hand)
Wands
 r - a wand of polymorph (7)
Scrolls
 e - a scroll of amnesia {unknown}
 i - a scroll of blinking {unknown}
 j - 2 scrolls of remove curse
 l - a scroll of immolation
 m - 2 scrolls of teleportation
 q - a scroll of random uselessness {unknown}
 x - a scroll of magic mapping {unknown}
 y - a scroll of fear {unknown}
Potions
 g - a potion of heal wounds
 n - 3 potions of lignification
 o - a potion of haste {unknown}
 p - a potion of curing {unknown}
 u - 2 potions of brilliance
 w - a potion of flight {unknown}
Books
 b - a book of Frost

   Spells                             Type                      Level
   a - Freeze                         Ice                          1
   b - Throw Frost                    Conjuration/Ice              2
   c - Ozocubu's Armour               Charms/Ice                   3
   d - Throw Icicle                   Conjuration/Ice              4
   e - Summon Ice Beast               Ice/Summoning                4
Comestibles
 c - 5 rations
 f - 4 chunks of flesh


   Skills:
 - Level 0.9 Fighting
 - Level 3.1 Dodging
 - Level 2.1 Stealth
 - Level 2.0 Spellcasting
   Level 0.7 Conjurations
 - Level 2.8 Charms
 * Level 1.3 Summonings
 - Level 5.8 Ice Magic


You had one spell level left.
You knew the following spells:

 Your Spells              Type           Power        Failure   Level  Hunger
a - Freeze                Ice            ###.         2%          1    #......
b - Ozocubu's Armour      Chrm/Ice       ##......     16%         3    ###....
c - Summon Ice Beast      Ice/Summ       ##......     56%         4    #####..


Dungeon Overview and Level Annotations

Branches:
Dungeon (4/15)
 Temple: D:4-7

Altars:
Fedhas
Gozag
Makhleb
Nemelex Xobeh
Ru
Vehumet
Zin

Annotations:
D:2 Natasha


Message History

The ogre is severely wounded.
The ogre hits you with a giant club!
* * * LOW HITPOINT WARNING * * *
Casting: Freeze
Confirm with . or Enter, or press ? or * to list all spells.
Aiming: Freeze
Press: ? - help, Shift-Dir - straight line, f/p - ogre
Aim: an ogre, wielding a giant club (severely wounded)
You freeze the ogre.
The ogre is severely wounded.
Casting: Freeze
Confirm with . or Enter, or press ? or * to list all spells.
Aiming: Freeze
Press: ? - help, Shift-Dir - straight line, f/p - ogre
Aim: an ogre, wielding a giant club (severely wounded)
You freeze the ogre.
The ogre is almost dead.
The ogre hits you with a giant club!!
Ouch! That really hurt!
You die...

#####################
#....................
#######.###################
.........# #######..#####
#......# #...##.# ###########
#########...@#.# #..........
#...........O#.# #..........
#.#######....#.# #..........
#.########.###.####..........
#.........(........>.........
############.#...............
#.######.......... #.#
#.......... #.####
#..........


You could see an ogre.

Vanquished Creatures
  Natasha (twice) (D:3 D:2)
  A worker ant (D:4)
  The ghost of dscm the Grave Robber, a weakling OpNe (D:3)
  Robin (D:3)
  An adder (D:3)
  An ooze (D:2)
  2 worms
  2 dart slugs
  5 orcs
  4 ball pythons
  A giant cockroach (D:3)
  24 goblins
  11 hobgoblins
  12 jackals
  2 quokkas
  5 bats
  10 frilled lizards
  8 kobolds
  7 rats
100 creatures vanquished.

Notes
Turn   | Place    | Note
-------+----------+-------------------------------------------
     0 | D:1      | toffzen the Merfolk Ice Elementalist began the quest for the Orb.
     0 | D:1      | Reached XP level 1. HP: 13/13 MP: 3/3
   153 | D:1      | You fall through a shaft!
   169 | D:2      | Found a burning altar of Makhleb.
   181 | D:2      | Reached XP level 2. HP: 14/19 MP: 0/5
   190 | D:2      | Became a worshipper of Makhleb the Destroyer
   260 | D:2      | Reached skill level 4 in Ice Magic
   653 | D:1      | Reached XP level 3. HP: 23/24 MP: 3/6
   928 | D:1      | Learned a level 3 spell: Ozocubu's Armour
  1174 | D:1      | Reached * piety under Makhleb
  1311 | D:1      | Reached skill level 1 in Charms
  1618 | D:2      | Reached skill level 5 in Ice Magic
  1675 | D:2      | Reached XP level 4. HP: 21/30 MP: 3/7
  1832 | D:2      | Found a sacrificial altar of Ru.
  1833 | D:2      | Found a sparkling altar of Nemelex Xobeh.
  1940 | D:2      | Found a radiant altar of Vehumet.
  2118 | D:2      | Found a glowing silver altar of Zin.
  2471 | D:3      | Found a blossoming altar of Fedhas.
  2475 | D:3      | Found an opulent altar of Gozag.
  2643 | D:3      | Noticed dscm's ghost (weakling OpNe)
  2984 | D:3      | Killed dscm's ghost
  3131 | D:3      | Noticed Natasha
  3138 | D:3      | Killed Natasha
  3138 | D:3      | Reached XP level 5. HP: 28/35 MP: 5/8
  3223 | D:3      | Noticed Natasha
  3241 | D:2      | Killed Natasha
  3269 | D:2      | Noticed Natasha
  3456 | D:3      | Found a faded altar of an unknown god.
  4211 | D:3      | Noticed Robin
  4281 | D:3      | Reached ** piety under Makhleb
  4394 | D:3      | Killed Robin
  4647 | D:3      | Learned a level 4 spell: Summon Ice Beast
  4752 | D:4      | Reached skill level 1 in Summonings
  4752 | D:4      | Reached XP level 6. HP: 39/42 MP: 5/9
  4896 | D:4      | Noticed a phantom
  4929 | D:4      | Demolished by an ogre

Skill      XL: |  1  2  3  4  5 |
---------------+----------------+-----
Ice Magic      | 4 5 |  5.8
Charms         | 1 2 |  2.8
Dodging        | 3 |  3.1
Summonings     | 1 |  1.3
Fighting       | |  0.9
Stealth        | |  2.1
Spellcasting   | |  2.0
Conjurations   | |  0.7

Action                   |  1- 3 |  4- 6 || total
-------------------------+-------+-------++-------
Melee: Short sword       |    35 |    28 ||    63
Throw: Stone             |     8 |    26 ||    34
 Cast: Freeze            |    57 |    94 ||   151
       Ozocubu's Armour  |       |     2 ||     2
  Use: Scroll            |       |     8 ||     8
 Stab: Sleeping          |     3 |     4 ||     7
  Eat: Chunk             |     3 |     6 ||     9
       Ration            |       |     2 ||     2
Armor: Robe              |    11 |     8 ||    19
       Leather armour    |       |     1 ||     1
Dodge: Dodged            |    42 |    71 ||   113
